 Dungeon Crawl Stone Soup version 0.19-a0-1341-g3513869 (webtiles) character file.

63 hairmachine the Ruffian (level 3, -1/33 HPs)
             Began as a Troll Warper on Sept 1, 2016.
             Killed from afar by Natasha (7 damage)
             ... with a magic dart
             ... on level 2 of the Dungeon.
             The game lasted 00:05:38 (1124 turns).

hairmachine the Ruffian (Troll Warper)              Turns: 1124, Time: 00:05:41

Health: -1/33      AC:  5    Str: 19    XL:     3   Next: 87%
Magic:  3/3        EV: 10    Int:  9    God:
Gold:   48         SH:  0    Dex: 10    Spells: 1 memorised, 3 levels left

rFire  . . .     SeeInvis .       - Unarmed
rCold  . . .     Gourm    +     a - +0 robe
rNeg   . . .     Faith    .     (no shield)
rPois  .         Spirit   .     (helmet restricted)
rElec  .         Dismiss  .     (no cloak)
rCorr  .         Reflect  .     (gloves unavailable)
MR     .....     Harm     .     (boots unavailable)
Stlth  +.........               (no amulet)
                                (no ring)
                                (no ring)

@: slowed, very slow
A: unfitting armour, claws 3, fast metabolism 3, gourmand, regeneration 1,
shaggy fur 1, tough skin 2
a: no special abilities


You were on level 2 of the Dungeon.
You were completely stuffed.

You visited 1 branch of the dungeon, and saw 2 of its levels.

You collected 48 gold pieces.

Inventory:

Missiles
 d - 5 tomahawks of dispersal (quivered)
Armour
 a - a +0 robe (worn)
Scrolls
 c - a scroll of blinking
 e - a scroll of remove curse
 h - 2 scrolls of fog {unknown}
 o - a scroll of teleportation {unknown}
 p - a scroll of random uselessness {unknown}
Potions
 g - a potion of berserk rage
 i - a potion of agility {unknown}
 k - a potion of magic
 l - a potion of heal wounds {unknown}
 m - a potion of curing {unknown}
 q - a potion of resistance {unknown}
Books
 b - a book of Spatial Translocations

   Spells                             Type                      Level
   a - Apportation                    Translocation                1
   b - Blink                          Translocation                2
   c - Shroud of Golubria             Charms/Translocation         2
   d - Portal Projectile              Translocation                3
   e - Teleport Other                 Translocation                3
   f - Passage of Golubria            Translocation                4
Comestibles
 f - 3 bread rations
 j - 6 chunks of flesh
 n - a royal jelly


   Skills:
 - Level 1.5 Fighting
 - Level 0.8 Throwing
 - Level 1.9 Dodging
 + Level 4.2 Unarmed Combat
 - Level 1.2 Spellcasting
 - Level 2.1 Translocations


You had 3 spell levels left.
You knew the following spells:

 Your Spells              Type           Power        Failure   Level  Hunger
a - Apportation           Tloc           #.........   14%         1    ##.....


Dungeon Overview and Level Annotations

Branches:
Dungeon (2/15)

Altars:

Annotations:
D:2 Natasha


Innate Abilities, Weirdness & Mutations

You are too large for most types of armour.
You have claws for hands.
Your metabolism is lightning-fast.
You like to eat raw meat.
Your natural rate of healing is unusually fast.
You are covered in fur. (AC +1)
You have very tough skin. (AC +2)


Message History

You scratch Natasha.
Natasha is lightly wounded.
The crimson imp disappears in a puff of smoke!
Natasha misses you. The crimson imp barely misses you.
You scratch Natasha.
Natasha is moderately wounded.
You feel sick.
You are no longer poisoned.
Natasha claws you.
* * * LOW HITPOINT WARNING * * *
The crimson imp barely misses you.
Natasha casts a spell.
You miss Natasha.
Natasha is moderately wounded.
The crimson imp hits you.
* * * LOW HITPOINT WARNING * * *
The crimson imp misses you. Natasha casts a spell at you.
The magic dart hits you!
You die...

...# #...## ##.# ##.#.> ##.#
##....# ### .#)# ##.....##
... .#.# ##..)....##.#
.#.###...........# ##
...............### ..##.#.
.#.#.#.........55# ... #.#.#
.#...##.......##@#.##.##.#.#
.##..###)....###h..#
.......## .##.........##
##5## #....#.###
.##.######### .# #........
.##.# .#####....#.#### .##.#
.........."....< .##.# ##
######.###### ..#.# #......#
#...# #.#....#


You could see Natasha, 2 crimson imps and a white imp.

Vanquished Creatures
  An adder (D:2)
  2 dart slugs (D:2)
  A giant gecko (D:2)
  A ball python (D:1)
  4 bats
  6 giant cockroaches
  6 goblins
  5 hobgoblins
  9 jackals
  A giant newt (D:1)
  A kobold (D:2)
  4 rats
41 creatures vanquished.

Notes
Turn   | Place    | Note
-------+----------+-------------------------------------------
     0 | D:1      | hairmachine the Troll Warper began the quest for the Orb.
     0 | D:1      | Reached XP level 1. HP: 19/19 MP: 1/1
   138 | D:1      | Reached XP level 2. HP: 27/27 MP: 2/2
   230 | D:1      | Reached skill level 3 in Unarmed Combat
   562 | D:1      | Reached XP level 3. HP: 33/33 MP: 3/3
  1037 | D:2      | Reached skill level 4 in Unarmed Combat
  1108 | D:2      | Noticed Natasha
  1124 | D:2      | Killed from afar by Natasha

Vault maps used:
D:1:      dpeg_arrival_tiny_a
D:2:      minmay_pentomino_p2, uniq_natasha, uniq_iyjb

Skill      XL: |  1  2  3 |
---------------+----------+-----
Unarmed Combat | 3 4 |  4.2
Fighting       | |  1.5
Throwing       | |  0.8
Dodging        | |  1.9
Spellcasting   | |  1.2
Translocations | |  2.1

Action                   || total
-------------------------++-------
Melee: Unarmed           ||   108
  Use: Scroll            ||     4
  Eat: Chunk             ||    16
Armor: Robe              ||    27
Dodge: Dodged            ||    57
